 Dungeon Sprint DCSS version 0.29-a0-732-g3d7fbe0af2 (webtiles) character file.

Game seed: 12415127287843321443

92513 wilfster70 the End of an Era (level 15, 0/134 HPs)
             Began as a Demonspawn Fighter on June 29, 2022.
             Was the Champion of Qazlal.
             Killed by a royal mummy's death curse (32 damage)
             ... in the Dungeon (Sprint V: "Ziggurat Sprint") on June 30, 2022.
             The game lasted 00:17:04 (2081 turns).

wilfster70 the End of an Era (Demonspawn Fighter)   Turns: 2081, Time: 00:17:05

Health: 0/134      AC: 35    Str: 28    XL:     15   Next: 58%
Magic:  14/32      EV:  8    Int: 18    God:    Qazlal [******]
Gold:   0          SH: 47    Dex: 24    Spells: 14/14 levels left

rFire   + + .      SeeInvis .   a - +9 lance "Wyrmbane" {slay drac, rPois rF+ rC+ AC+3}
rCold   + + .      Faith    .   c - +18 shield of the Gong {rElec rN+ Will+ EV-5}
rNeg    + . .      Spirit   .   w - +5 gold dragon scales
rPois   +          Reflect  +   y - +1 helmet {Int+3}
rElec   +          Harm     .   (cloak unavailable)
rCorr   .          Rampage  .   (no gloves)
Will    ++...      NoTele   +   (no boots)
Stlth   ..........              I - amulet of Immorality {Reflect Dex+9 SH+5}
HPRegen 9.32/turn               p - +6 ring of strength
MPRegen 0.46/turn               q - +6 ring of strength

@: protected from physical damage, slowed, studying 4 skills, repel missiles,
very slow
A: molten scales 1, powered by death 2, magic regeneration, bedeviling, weakness
stinger 3, frail 1
a: Renounce Religion, Upheaval, Elemental Force, Disaster Area


You were in the Dungeon.
You worshipped Qazlal.
Qazlal was exalted by your worship.
You visited 1 branch

Inventory:

Hand Weapons
 a - the +9 lance "Wyrmbane" (weapon) {slay drac, rPois rF+ rC+ AC+3}
   (You found it in the Dungeon)

   It inflicts extra damage against dragons and draconians.
   AC:        It affects your AC (+3).
   rF:        It protects you from fire.
   rC:        It protects you from cold.
   rPois:     It protects you from poison.
 b - a +5 hand crossbow
Armour
 c - the +18 shield of the Gong (worn) {rElec rN+ Will+ EV-5}
   (You found it in the Dungeon)

   It is deafeningly noisy when blocking attacks.
   EV:        It affects your evasion (-5).
   rElec:     It insulates you from electricity.
   rN:        It protects you from negative energy.
   Will:      It increases your willpower.
 w - +5 gold dragon scales (worn)
 y - a +1 helmet of intelligence (worn)
Jewellery
 p - a +6 ring of strength (left hand)
 q - a +6 ring of strength (right hand)
 A - a ring of magical power
 D - a ring of willpower
 G - a ring of see invisible
 I - the amulet of Immorality (around neck) {Reflect Dex+9 SH+5}
   (You found it in the Dungeon)

   [amulet of reflection]

   It reflects blocked missile attacks.
   Dex:       It affects your dexterity (+9).
   SH:        It affects your SH (+5).
Wands
 m - a wand of mindburst (7)
 s - a wand of iceblast (5)
 t - a wand of acid (7)
Scrolls
 j - 4 scrolls of blinking
 k - 4 scrolls of amnesia
 l - 7 scrolls of fog
 n - 2 scrolls of fear
 r - 5 scrolls of identify
Potions
 d - 6 potions of might
 e - 9 potions of curing
 f - 5 potions of heal wounds
 g - 18 potions of haste
 h - 6 potions of magic
 i - 3 potions of berserk rage
 o - 2 potions of brilliance
 u - a potion of invisibility
 v - 4 potions of resistance
Miscellaneous
 x - a phantom mirror
 z - a condenser vane (inert)
 C - a tin of tremorstones (inert)
 F - a box of beasts


   Skills:
 + Level 23.3 Fighting
 - Level 12.0 Polearms
 + Level 14.8 Armour
 - Level 12.4 Dodging
 + Level 16.4 Shields
 O Level 27 Invocations
 + Level 20.3 Evocations


You had 14 spell levels left.
You didn't know any spells.
Your spell library contained the following spells:

 Spells                   Type           Power      Damage    Failure   Level
 Necrotize                Necr           0%         1d4       100%        1
 Sandblast                Erth           0%         2d4       100%        1
 Summon Small Mammal      Summ           0%         N/A       100%        1
 Blink                    Tloc           0%         N/A       100%        2
 Call Imp                 Summ           0%         N/A       100%        2
 Passwall                 Tmut/Erth      0%         N/A       100%        2
 Poisonous Vapours        Pois/Air       0%         N/A       100%        2
 Scorch                   Fire           0%         2d5       100%        2
 Call Canine Familiar     Summ           0%         N/A       100%        3
 Confusing Touch          Hex            0%         N/A       100%        3
 Conjure Flame            Conj/Fire      0%         6-21      100%        3
 Gell's Gravitas          Tloc           0%         N/A       100%        3
 Ignite Poison            Fire/Tmut/Pois 0%         N/A       100%        3
 Lesser Beckoning         Tloc           0%         N/A       100%        3
 Ozocubu's Armour         Ice            0%         N/A       100%        3
 Portal Projectile        Hex/Tloc       0%         N/A       100%        3
 Spider Form              Tmut/Pois      0%         N/A       100%        3
 Stone Arrow              Conj/Erth      0%         3d7       100%        3
 Summon Guardian Golem    Hex/Summ       0%         N/A       100%        3
 Teleport Other           Tloc           0%         N/A       100%        3
 Tukima's Dance           Hex            0%         N/A       100%        3
 Vampiric Draining        Necr           0%         2d6       100%        3
 Airstrike                Air            0%         N/A       100%        4
 Anguish                  Hex/Necr       0%         N/A       100%        4
 Animate Armour           Summ/Erth      0%         N/A       100%        4
 Cause Fear               Hex            0%         N/A       100%        4
 Corpse Rot               Necr/Pois/Air  0%         N/A       100%        4
 Dispel Undead            Necr           0%         3d6       100%        4
 Flame Wave               Conj/Fire      0%         2d4       100%        4
 Ice Form                 Ice/Tmut       0%         N/A       100%        4
 Leda's Liquefaction      Hex/Erth       0%         N/A       100%        4
 Petrify                  Tmut/Erth      0%         N/A       100%        4
 Summon Ice Beast         Ice/Summ       0%         N/A       100%        4
 Summon Lightning Spire   Summ/Air       0%         N/A       100%        4
 Agony                    Necr           0%         N/A       100%        5
 Alistair's Intoxication  Tmut/Pois      0%         N/A       100%        5
 Blade Hands              Tmut           0%         N/A       100%        5
 Borgnjor's Vile Clutch   Necr/Erth      0%         N/A       100%        5
 Fireball                 Conj/Fire      0%         3d3       100%        5
 Freezing Cloud           Conj/Ice/Air   0%         6-21      100%        5
 Iskenderun's Battlesphe  Conj           0%         2d6       100%        5
 Lee's Rapid Deconstruct  Erth           0%         3d5*      100%        5
 Lightning Bolt           Conj/Air       0%         1d11      100%        5
 Manifold Assault         Tloc           0%         N/A       100%        5
 Summon Forest            Summ/Tloc      0%         N/A       100%        5
 Summon Mana Viper        Hex/Summ       0%         N/A       100%        5
 Conjure Ball Lightning   Conj/Air       0%         3x3d6     100%        6
 Death Channel            Necr           0%         N/A       100%        6
 Dispersal                Tloc           0%         N/A       100%        6
 Eringya's Noxious Bog    Tmut/Pois      0%         N/A       100%        6
 Iron Shot                Conj/Erth      0%         9d1       100%        6
 Simulacrum               Ice/Necr       0%         N/A       100%        6
 Starburst                Conj/Fire      0%         6d3       100%        6
 Statue Form              Tmut/Erth      0%         N/A       100%        6
 Summon Cactus Giant      Summ           0%         N/A       100%        6
 Dragon Form              Tmut           0%         N/A       100%        7
 Enfeeble                 Hex            0%         N/A       100%        7
 Haunt                    Necr/Summ      0%         N/A       100%        7
 Malign Gateway           Summ/Tloc      0%         N/A       100%        7
 Monstrous Menagerie      Summ           0%         N/A       100%        7
 Orb of Destruction       Conj           0%         9d5       100%        7
 Spellforged Servitor     Conj/Summ      0%         N/A       100%        7
 Storm Form               Tmut/Air       0%         N/A       100%        7
 Disjunction              Tloc           0%         N/A       100%        8
 Necromutation            Tmut/Necr      0%         N/A       100%        8
 Summon Horrible Things   Summ           0%         N/A       100%        8
 Dragon's Call            Summ           0%         N/A       100%        9
 Polar Vortex             Ice            0%         N/A       100%        9


Dungeon Overview and Level Annotations

Branches:
Dungeon (1/1)

Altars:
Ashenzari
Cheibriados
Dithmenos
Elyvilon
Fedhas
Gozag
Hepliaklqana
Kikubaaqudgha
Makhleb
Nemelex Xobeh
Okawaru
Qazlal
Ru
Sif Muna
Trog
Uskayaw
Vehumet
Wu Jian
Xom
Yredelemnul
Zin
The Shining One
Beogh
Jiyva
Lugonu


Innate Abilities, Weirdness & Mutations

You are partially covered in molten scales. (AC +2)
You regenerate health from kills.
You regenerate magic rapidly.
Your hexes are more powerful.
You have a sharp stinger which inflicts weakening toxins.
You are frail. (-10% HP)


Message History

The royal mummy is engulfed in freezing vapours.
You block the royal mummy's attack.
GONNNNG!
The royal mummy casts a spell at you. Something smites you!
The royal mummy mumbles some strange words.
Okay, then.
Unknown command.
Unknown command.
Magic courses through your body. You block the royal mummy's attack.
GONNNNG!
You block the royal mummy's attack.
GONNNNG!
Activating: Disaster Area (0% risk of failure)
Press: ? - help, Dir - look around, f - activate Nature churns violently around you!
The blast of magma engulfs the emperor scorpion!!
The emperor scorpion is moderately wounded.
You hear a sizzling sound! x6
The blast of magma engulfs the royal mummy!!!
You destroy the royal mummy!
Qazlal accepts your kill.
The cutting wind hits the emperor scorpion!!!
The emperor scorpion is almost dead.
The blast of magma engulfs the royal mummy!!
The royal mummy is moderately damaged.
The blast of magma engulfs the emperor scorpion!!!
You kill the emperor scorpion!
The emperor scorpion's corpse disappears in a puff of smoke!
The blast of magma engulfs the guardian mummy!!!
You destroy the guardian mummy!
Qazlal accepts your kill.
The blast of magma engulfs the royal mummy!!!
The royal mummy is moderately damaged.
You feel extremely nervous for a moment...
Your body is wracked with pain!
* * * LOW HITPOINT WARNING * * *
You feel extremely nervous for a moment...
Pain shoots through your body!!
You die...

▓..|))}|
..≈≈≈≈.§§§.≈≈≈.
▓..|.[[.
.M≈≈}≈§§§§.....
▓......}
.≈≈.≈.≈§§§≈≈≈≈≈
▓.......
.≈≈≈≈≈.§§§≈≈≈..
▓.......
§≈.§§≈..§≈≈≈≈..
▓.......
§§§§≈§≈≈≈§§≈≈..
▓.......
.≈§§..≈≈M≈≈§§≈.
▓.......
§.≈§≈≈.@.°§§§..
▓.......
.§▓≈§○≈.§§§.▓..
▓...▓...
▓▓.○§§..≈▓▓
▓..▓▓▓..
..▓≈.≈≈...≈≈▓..
▓...▓...
...≈≈.....≈....
▓.≈.....
....≈≈≈©..≈≈..≈
▓.≈.....
▓▓▓▓▓▓▓▓▓▓▓▓▓▓▓
▓▓▓▓▓▓▓▓
▓......8
▓...|?=}


You could see 2 royal mummies.

Vanquished Creatures
  4 royal mummies (D)
  A bone dragon (D)
  3 searing wretches (D)
  2 liches (D)
  3 acid blobs (D)
  A tentacled starspawn (D)
  5 rockslimes (D)
  3 fire giants (D)
  4 azure jellies (D)
  A frost giant (D)
  2 deep elf sorcerers (D)
  3 balrugs (D)
  2 quicksilver oozes (D)
  3 spriggan defenders (D)
  2 vampire knights (D)
  A deep elf demonologist (D)
  A wendigo (D)
  3 deep elf annihilators (D)
  3 mummy priests (D)
  3 deep elf high priests (D)
  A salamander tyrant (D)
  A stoker (D)
  A spriggan air mage (D)
  2 hydras (D)
  A death scarab (D)
  A dancing weapon (D)
  A thrashing horror (D)
  2 spriggan berserkers (D)
  2 hell hogs (D)
  A deep elf knight (D)
  A wretched star (D)
  A fire crab (D)
  2 skeletal warriors (D)
  A glowing orange brain (D)
  A pharaoh ant (D)
  2 spriggan druids (D)
  An orb spider (D)
  A deep elf archer (D)
  A lindwurm (D)
  2 steelbarb worms (D)
  5 deep elf zephyrmancers (D)
  4 necromancers (D)
  A wolf spider (D)
  4 deep elf pyromancers (D)
  4 ugly things (D)
  4 shining eyes (D)
  A black mamba (D)
  An eye of devastation (D)
  An elephant (D)
  A smoke demon (D)
  2 torpor snails (D)
  11 cane toads (D)
  A freezing wraith (D)
  4 rime drakes (D)
  A demonic crawler (D)
  4 ice devils (D)
  A red devil (D)
  7 komodo dragons (D)
  6 guardian mummies (D)
  2 tormentors (D)
  A troll (shapeshifter) (D)
  A hellwing (D)
  3 polar bears (D)
  11 slime creatures (D)
  A tarantella (D)
  2 blink frogs (D)
  A hornet (D)
  A raiju (D)
  A flying skull (D)
  A shadow (D)
  3 large abominations (D)
  2 water elementals (D)
  3 vampires (D)
  2 wyverns (D)
  5 yaks (D)
  An air elemental (D)
  2 jumping spiders (D)
  A wraith (D)
  4 ushabtiu (D)
  A basilisk (D)
  A golden eye (shapeshifter) (D)
  3 small abominations (D)
  3 neqoxecs (D)
  8 water moccasins (D)
  3 hell hounds (D)
  A black bear (D)
  An ice beast (D)
  2 wolves (D)
  4 bullfrogs (D)
  An earth elemental (D)
  A necrophage (D)
  4 scorpions (D)
  3 wights (D)
  A crimson imp (D)
  2 quasits (D)
  3 starcursed masses (D)
  4 jellies (D)
  3 iron imps (D)
  3 orc wizards (D)
  6 mummies (D)
  3 shadow imps (D)
  2 white imps (D)
  An ufetubus (D)
  An adder zombie (D)
  3 adder skeletons (D)
  An adder simulacrum (D)
  2 orcs (D)
  A bat zombie (D)
  2 endoplasms (D)
  2 ball python simulacra (D)
  A ball python skeleton (D)
  2 ball python zombies (D)
  2 bat simulacra (D)
  2 giant cockroach simulacra (D)
  2 quokka simulacra (D)
  A quokka zombie (D)
  A creeping inferno (D)
  A fire vortex (D)
275 creatures vanquished.

Vanquished Creatures (collateral kills)
  A deep elf pyromancer (D)
1 creature vanquished.

Grand Total: 276 creatures vanquished

Notes
Turn   | Place    | Note
-------+----------+-------------------------------------------
     0 | D        | wilfster70 the Demonspawn Fighter began the quest for the
                  | Orb.
     0 | D        | Reached XP level 1. HP: 18/18 MP: 1/1
    16 | D        | Found a shimmering blue altar of Sif Muna.
    16 | D        | Found a bloodstained altar of Trog.
    16 | D        | Found a sacrificial altar of Ru.
    16 | D        | Found a stormy altar of Qazlal.
    16 | D        | Found an iron altar of Okawaru.
    18 | D        | Found a sparkling altar of Nemelex Xobeh.
    18 | D        | Found the +6 Majin-Bo {vamp, MP+6 Int+6}
    18 | D        | Found the +9 heavy crossbow "Sniper" {vorpal, Acc+∞ SInv}
    18 | D        | Found the +10 dark maul {vorpal}
    18 | D        | Found the +15 Maxwell's patent armour {-Cast -Tele rElec
                  | Will+ rCorr}
    18 | D        | Found the +18 shield of the Gong {rElec rN+ Will+ EV-5}
    18 | D        | Found the +14 obsidian axe {vorpal, Mesm Drain Fly SInv}
    18 | D        | Found the +7 great mace "Firestarter" {inner flame, rF++}
    18 | D        | Found the +6 shillelagh "Devastator" {shatter}
    18 | D        | Found the +11 plutonium sword {Contam Stlth-}
    18 | D        | Found the +8 lance "Wyrmbane" {slay drac, rPois rF+ rC+
                  | AC+3}
    18 | D        | Found the +9 sword of Zonguldrok {reap}
    18 | D        | Found the +13 scythe of Curses {drain, Drain}
    18 | D        | Found the +5 sword of Power {vorpal}
    18 | D        | Found the +7 mace of Variability {chain chaos}
    18 | D        | Found the +7 Singing Sword {vorpal, sonic wave}
    18 | D        | Found the +8 storm bow {elec, penet}
    19 | D        | Found an ancient bone altar of Kikubaaqudgha.
    19 | D        | Found a transporter.
    19 | D        | Found a corrupted altar of Lugonu.
    19 | D        | Found a viscous altar of Jiyva.
    19 | D        | Found a burning altar of Makhleb.
    19 | D        | Found a hazy altar of Hepliaklqana.
    19 | D        | Found an opulent altar of Gozag.
    24 | D        | Found a blossoming altar of Fedhas.
    50 | D        | Became a worshipper of Qazlal Stormbringer
   112 | D        | Reached skill level 4 in Invocations
   112 | D        | Gained mutation: You regenerate a little health from kills.
                  | [demonic ancestry]
   112 | D        | Reached XP level 2. HP: 26/26 MP: 1/5
   184 | D        | Entered arena 2.
   184 | D        | Noticed a hell hound
   184 | D        | Found a transporter.
   194 | D        | Killed a hell hound
   195 | D        | Reached skill level 5 in Fighting
   195 | D        | Reached skill level 5 in Armour
   195 | D        | Reached skill level 5 in Shields
   195 | D        | Reached skill level 5 in Invocations
   195 | D        | Gained mutation: You are partially covered in molten
                  | scales. (AC +2) [demonic ancestry]
   195 | D        | Reached XP level 3. HP: 23/33 MP: 7/7
   195 | D        | Gained mutation: You regenerate health from kills. [demonic
                  | ancestry]
   195 | D        | Reached XP level 4. HP: 27/39 MP: 8/8
   197 | D        | Reached skill level 6 in Invocations
   256 | D        | Entered arena 3.
   256 | D        | Noticed a hell hound
   256 | D        | Noticed a hell hound
   256 | D        | Found a transporter.
   268 | D        | Killed a hell hound
   268 | D        | Reached * piety under Qazlal
   269 | D        | Reached skill level 5 in Polearms
   269 | D        | Reached skill level 7 in Invocations
   269 | D        | Reached XP level 5. HP: 21/47 MP: 8/10
   269 | D        | Killed a hell hound
   270 | D        | Reached skill level 8 in Invocations
   270 | D        | Reached XP level 6. HP: 26/53 MP: 8/12
   275 | D        | Reached ** piety under Qazlal
   333 | D        | Entered arena 4.
   333 | D        | Noticed a deep elf pyromancer
   333 | D        | Noticed a deep elf archer
   333 | D        | Noticed a deep elf zephyrmancer
   333 | D        | Noticed a deep elf zephyrmancer
   333 | D        | Found a transporter.
   343 | D        | Killed a deep elf zephyrmancer
   344 | D        | Reached skill level 9 in Invocations
   344 | D        | Gained mutation: You have a small tail. [demonic ancestry]
   344 | D        | Reached XP level 7. HP: 38/62 MP: 12/14
   349 | D        | Killed a deep elf pyromancer
   350 | D        | Reached skill level 10 in Invocations
   350 | D        | Reached XP level 8. HP: 46/70 MP: 12/15
   352 | D        | Killed a deep elf zephyrmancer
   353 | D        | Reached skill level 11 in Invocations
   375 | D        | Killed a deep elf archer
   375 | D        | Reached *** piety under Qazlal
   376 | D        | Gained mutation: You have a tail ending in a sharp stinger.
                  | [demonic ancestry]
   376 | D        | Reached XP level 9. HP: 45/78 MP: 17/17
   485 | D        | Entered arena 5.
   485 | D        | Noticed a deep elf pyromancer
   485 | D        | Noticed a deep elf pyromancer
   485 | D        | Found a transporter.
   490 | D        | Killed a deep elf pyromancer
   491 | D        | Reached skill level 10 in Fighting
   491 | D        | Reached skill level 12 in Invocations
   493 | D        | Killed a deep elf pyromancer
   498 | D        | Reached skill level 13 in Invocations
   519 | D        | Got Sif Muna's Catalogue of Contamination and Lightness
   631 | D        | Entered arena 6.
   631 | D        | Found a transporter.
   633 | D        | Reached **** piety under Qazlal
   661 | D        | Got the Grimoire of the Cankerous Escort
   667 | D        | Entered arena 7.
   668 | D        | Found a transporter.
   675 | D        | Reached ***** piety under Qazlal
   701 | D        | Entered arena 8.
   701 | D        | Found the +12 glaive of Prune {vorpal}
   702 | D        | Found a transporter.
   703 | D        | Reached ****** piety under Qazlal
   704 | D        | Reached skill level 10 in Polearms
   704 | D        | Reached skill level 10 in Armour
   708 | D        | Reached XP level 10. HP: 87/87 MP: 10/20
   721 | D        | Entered arena 9.
   722 | D        | Found a transporter.
   724 | D        | Reached skill level 14 in Invocations
   817 | D        | Entered arena 10.
   817 | D        | Noticed a tentacled starspawn
   818 | D        | Found a transporter.
   819 | D        | Killed a tentacled starspawn
   820 | D        | Reached skill level 15 in Invocations
   837 | D        | Got Looseloa's Tome of Poisonous Stones
   874 | D        | Entered arena 11.
   874 | D        | Noticed a brown ugly thing
   874 | D        | Noticed a cyan ugly thing
   874 | D        | Noticed a brown ugly thing
   874 | D        | Noticed a red ugly thing
   874 | D        | Gained mutation: You are frail. (-10% HP) [a neqoxec]
   875 | D        | Found a transporter.
   877 | D        | Killed a brown ugly thing
   877 | D        | Killed a cyan ugly thing
   877 | D        | Killed a red ugly thing
   878 | D        | Reached skill level 16 in Invocations
   878 | D        | Reached XP level 11. HP: 88/88 MP: 13/23
   882 | D        | Killed a brown ugly thing
   909 | D        | Entered arena 12.
   909 | D        | Noticed a steelbarb worm
   909 | D        | Noticed a wolf spider
   909 | D        | Noticed a pharaoh ant
   910 | D        | Noticed a steelbarb worm
   910 | D        | Noticed an orb spider
   911 | D        | Killed a wolf spider
   911 | D        | Killed a steelbarb worm
   911 | D        | Killed an orb spider
   912 | D        | Reached skill level 17 in Invocations
   912 | D        | Reached skill level 5 in Evocations
   913 | D        | Killed a pharaoh ant
   914 | D        | Killed a steelbarb worm
   931 | D        | Found a transporter.
   937 | D        | Got the amulet of Dishonesty {Faith rElec rCorr Int+4}
   960 | D        | Entered arena 13.
   960 | D        | Found the +3 Mad Mage's Maulers {Infuse+∞ RegenMP Int-3}
   960 | D        | Noticed a rockslime
   960 | D        | Noticed a glowing orange brain
   960 | D        | Noticed a rockslime
   960 | D        | Noticed a shining eye
   963 | D        | Killed a shining eye
   963 | D        | Killed a rockslime
   963 | D        | Killed a glowing orange brain
   964 | D        | Reached skill level 15 in Fighting
   964 | D        | Reached skill level 18 in Invocations
   967 | D        | Gained mutation: You have a sharp stinger which inflicts
                  | weakening toxins. [demonic ancestry]
   967 | D        | Reached XP level 12. HP: 98/98 MP: 15/25
   971 | D        | Killed a rockslime
   979 | D        | Found a transporter.
  1042 | D        | Entered arena 14.
  1043 | D        | Noticed a starcursed mass
  1043 | D        | Noticed a bone dragon
  1047 | D        | Reached skill level 5 in Dodging
  1047 | D        | Reached skill level 19 in Invocations
  1053 | D        | Killed a bone dragon
  1054 | D        | Reached skill level 10 in Evocations
  1054 | D        | Found a transporter.
  1065 | D        | Killed a starcursed mass
  1143 | D        | Entered arena 15.
  1148 | D        | Reached skill level 20 in Invocations
  1269 | D        | Found a transporter.
  1299 | D        | Entered arena 16.
  1299 | D        | Noticed an azure jelly
  1299 | D        | Noticed a wendigo
  1300 | D        | Noticed a frost giant
  1302 | D        | Killed a wendigo
  1302 | D        | Killed an azure jelly
  1302 | D        | Killed a frost giant
  1343 | D        | Found a transporter.
  1363 | D        | Got the amulet of Immorality {Reflect Dex+9 SH+5}
  1383 | D        | Entered arena 17.
  1385 | D        | Noticed a searing wretch
  1385 | D        | Noticed a hell hog
  1385 | D        | Noticed a fire giant
  1385 | D        | Noticed a searing wretch
  1385 | D        | Noticed a fire giant
  1385 | D        | Noticed a stoker
  1385 | D        | Noticed a hell hog
  1386 | D        | Noticed a searing wretch
  1386 | D        | Noticed a balrug
  1386 | D        | Noticed a salamander tyrant
  1386 | D        | Noticed a balrug
  1386 | D        | Noticed a balrug
  1386 | D        | Noticed a fire giant
  1388 | D        | Killed a salamander tyrant
  1388 | D        | Killed a balrug
  1388 | D        | Killed a hell hog
  1388 | D        | Killed a fire giant
  1388 | D        | Killed a hell hog
  1388 | D        | Killed a fire giant
  1388 | D        | Killed a stoker
  1388 | D        | Killed a balrug
  1388 | D        | Killed a fire giant
  1389 | D        | Reached skill level 21 in Invocations
  1389 | D        | Reached XP level 13. HP: 35/108 MP: 18/27
  1389 | D        | Killed a balrug
  1389 | D        | Killed a searing wretch
  1389 | D        | Killed a searing wretch
  1389 | D        | Killed a searing wretch
  1390 | D        | Reached skill level 10 in Dodging
  1390 | D        | Reached skill level 22 in Invocations
  1481 | D        | Found a transporter.
  1487 | D        | Got the ring of Ytwaifid {rN+ Dex+4}
  1494 | D        | Got Sif Muna's Reference Book on the Volcanoes and the
                  | Entourage
  1508 | D        | Entered arena 18.
  1510 | D        | Noticed a deep elf annihilator
  1510 | D        | Paralysed by an air elemental for 1 turns
  1510 | D        | Noticed a deep elf demonologist
  1510 | D        | Identified the ring "Yfofecw" {rElec rPois Will+ Int+4}
  1511 | D        | Noticed a deep elf sorcerer
  1511 | D        | Identified the amulet of Conformity {rElec rN+ Regen+ rCorr
                  | Stlth+}
  1511 | D        | Noticed a deep elf annihilator
  1512 | D        | Killed a deep elf annihilator
  1512 | D        | Killed a deep elf sorcerer
  1512 | D        | Killed a deep elf annihilator
  1512 | D        | Killed a deep elf demonologist
  1512 | D        | Identified the +9 quarterstaff "Voskenidd" {vamp, rPois
                  | rCorr Dex-2 SInv}
  1512 | D        | Noticed a deep elf sorcerer
  1512 | D        | Identified the +8 flail "Vuacay Moym" {venom, +Blink}
  1513 | D        | Reached skill level 23 in Invocations
  1513 | D        | Noticed a deep elf annihilator
  1513 | D        | Found the +7 lajatang of Order {silver, rMut}
  1514 | D        | Killed a deep elf annihilator
  1514 | D        | Killed a deep elf sorcerer
  1515 | D        | Reached skill level 15 in Evocations
  1515 | D        | Found the +0 pair of fencer's gloves {Riposte Dex+3}
  1516 | D        | Found a transporter.
  1518 | D        | Gained mutation: Your hexes are more powerful. [demonic
                  | ancestry]
  1518 | D        | Reached XP level 14. HP: 119/119 MP: 13/29
  1611 | D        | Got Vinan's Papyrus of Enchantment and Displacement
  1622 | D        | Entered arena 19.
  1627 | D        | Reached skill level 10 in Shields
  1627 | D        | Reached skill level 24 in Invocations
  1631 | D        | Found a transporter.
  1692 | D        | Entered arena 20.
  1696 | D        | Identified the amulet of Jirchal {RegenMP rPois Str+4}
  1697 | D        | Noticed a vampire knight
  1697 | D        | Noticed a lich
  1697 | D        | Noticed a vampire knight
  1700 | D        | Killed a vampire knight
  1700 | D        | Killed a vampire knight
  1701 | D        | Killed a lich
  1702 | D        | Reached skill level 25 in Invocations
  1721 | D        | Found a transporter.
  1781 | D        | Entered arena 21.
  1783 | D        | Noticed a rockslime
  1784 | D        | Noticed an acid blob
  1784 | D        | Noticed a quicksilver ooze
  1784 | D        | Noticed an azure jelly
  1784 | D        | Noticed a rockslime
  1784 | D        | Noticed an azure jelly
  1785 | D        | Noticed a rockslime
  1788 | D        | Killed an azure jelly
  1788 | D        | Killed a quicksilver ooze
  1788 | D        | Killed a rockslime
  1788 | D        | Killed an acid blob
  1788 | D        | Killed an azure jelly
  1788 | D        | Killed a rockslime
  1788 | D        | Noticed a quicksilver ooze
  1789 | D        | Reached skill level 26 in Invocations
  1790 | D        | Noticed an acid blob
  1794 | D        | Killed a rockslime
  1795 | D        | Noticed an acid blob
  1795 | D        | Noticed an azure jelly
  1796 | D        | Killed a quicksilver ooze
  1796 | D        | Killed an acid blob
  1796 | D        | Killed an azure jelly
  1823 | D        | Killed an acid blob
  1825 | D        | Found a transporter.
  1878 | D        | Got the Volume of the Visionaries
  1901 | D        | Entered arena 22.
  1903 | D        | Noticed a spriggan defender
  1907 | D        | Identified the +6 flail "Odoun" {vorpal, *Rage rCorr Int+5}
  1907 | D        | Noticed a spriggan defender
  1908 | D        | Killed a spriggan defender
  1908 | D        | Killed a spriggan defender
  1908 | D        | Killed a spriggan defender
  1909 | D        | Reached skill level 15 in Shields
  1909 | D        | Reached skill level 27 in Invocations
  1909 | D        | Gained mutation: You regenerate magic rapidly. [demonic
                  | ancestry]
  1909 | D        | Reached XP level 15. HP: 131/131 MP: 23/32
  2029 | D        | Found a transporter.
  2034 | D        | Got Osuzor's Catalogue of Freezing Unholy Rituals
  2065 | D        | Entered arena 23.
  2070 | D        | Noticed a royal mummy
  2070 | D        | Noticed a lich
  2070 | D        | Noticed a royal mummy
  2071 | D        | Noticed an emperor scorpion
  2071 | D        | Noticed an emperor scorpion
  2071 | D        | Noticed an emperor scorpion
  2071 | D        | Noticed an emperor scorpion
  2071 | D        | Killed a lich
  2072 | D        | Noticed a royal mummy
  2073 | D        | Killed a royal mummy
  2073 | D        | Noticed a royal mummy
  2075 | D        | Noticed an emperor scorpion
  2075 | D        | Noticed an emperor scorpion
  2075 | D        | Noticed an emperor scorpion
  2075 | D        | Killed a royal mummy
  2075 | D        | Killed a royal mummy
  2075 | D        | Noticed a royal mummy
  2076 | D        | Noticed a royal mummy
  2078 | D        | HP: 5/134 [shot self (19)]
  2080 | D        | Noticed an emperor scorpion
  2081 | D        | Killed a royal mummy
  2081 | D        | Killed by a royal mummy's death curse

Illustrated notes

Levels and vault maps discovered:
D:        sprint_v [room_start, room_1, room_2, room_3, room_4, room_5, room_6,
          room_7, room_8, room_9, room_10, room_11, room_12, room_13, room_14,
          room_15, room_16, room_17, room_18, room_19, room_20, room_21,
          room_22, room_23, room_24, room_25, room_26, room_27]

Skill      XL: |  1  2  3  4  5  6  7  8  9 10 11 12 13 14 15 |
---------------+----------------------------------------------+-----
Fighting       | 4 5 6 8 9 11 13 15 17 19 22 23 | 23.3
Polearms       | 3 4 5 7 8 10 12 | 12.0
Armour         | 4 5 6 7 8 9 10 12 13 14 | 14.8
Shields        | 4 5 6 7 8 9 15 16 | 16.4
Invocations    | 4 5 7 8 9 10 11 13 16 18 21 23 27 | 27.0
Evocations     | 4 8 12 15 19 20 | 20.3
Dodging        | 3 9 12 | 12.4

Action                   |  1- 3 |  4- 6 |  7- 9 | 10-12 | 13-15 || total
-------------------------+-------+-------+-------+-------+-------++-------
Melee: Lance             |    10 |    25 |    73 |    66 |    31 ||   205
       Tailslap          |       |       |    10 |    15 |    10 ||    35
Invok: Disaster Area     |       |       |     1 |    10 |    14 ||    25
       Elemental Force   |       |       |     1 |       |       ||     1
Evoke: Wand              |       |     1 |     1 |       |       ||     2
       Condenser vane    |       |       |       |     5 |     6 ||    11
       Tin of tremorston |       |       |       |       |     6 ||     6
  Use: Potion            |     1 |       |     4 |     1 |     3 ||     9
 Stab: Invisible         |       |       |     1 |       |       ||     1
Armor: Gold dragon scale |     1 |     6 |     6 |     5 |    11 ||    29
Dodge: Dodged            |       |       |       |     2 |     2 ||     4
       Repelled          |       |       |       |       |     2 ||     2
Block: Kite shield       |    18 |    38 |    57 |    36 |    29 ||   178
       Reflection        |       |       |       |       |     5 ||     5

Table legend: (Time is in decaauts)
 A = Elapsed time spent in this place.
 B = Non-inter-level travel time spent in this place.
 C = Inter-level travel time spent in this place.
 D = Time resting spent in this place.
 E = Time spent auto-exploring this place.
 F = Levels seen in this place.
 G = Mean time per level.
                   A        B        C        D        E       F      G
               +--------+--------+--------+--------+--------+-----+--------+
         Total |   2032 |   2032 |      0 |   1032 |      0 |   1 | 2032.0 |
       Dungeon |   2032 |   2032 |      0 |   1032 |      0 |   1 | 2032.0 |
               +--------+--------+--------+--------+--------+-----+--------+

Top non-repeatable levels by time:
       D: 2032 daAuts
